 Dungeon Crawl Stone Soup version 0.25-a0-1071-g2607d5cfa1 (webtiles) character file.

Game seed: 17731890521031656727, levelgen mode: deterministic

17545 DerDa the Frost Mage (level 12, -5/74 HPs)
             Began as a Merfolk Ice Elementalist on May 14, 2020.
             Was an Elder of Sif Muna.
             Slain by a death yak (29 damage)
             ... on level 3 of the Lair of Beasts.
             The game lasted 00:46:41 (16831 turns).

DerDa the Frost Mage (Merfolk Ice Elementalist)    Turns: 16831, Time: 00:46:42

Health: -5/74      AC:  7    Str:  8    XL:     12   Next: 49%
Magic:  16/26      EV: 19    Int: 19    God:    Sif Muna [****..]
Gold:   1543       SH:  5    Dex: 15    Spells: 16/31 levels left

rFire    . . .     SeeInvis .   r - +0 broad axe (vorpal)
rCold    + . .     Gourm    .   (no shield)
rNeg     . . .     Faith    .   H - +1 robe {rC+}
rPois    .         Spirit   .   s - +2 hat {MR+}
rElec    .         Reflect  +   (no cloak)
rCorr    .         Harm     .   q - +0 pair of gloves
MR       +....                  g - +0 pair of boots
Stlth    ++........             A - amulet of reflection
HPRegen  0.22/turn              m - ring of flight
MPRegen  0.20/turn              u - ring of wizardry

@: frozen ramparts
A: change form in water, swift swim, stealthy swim
a: Channel Magic, Forget Spell, Divine Exegesis, Renounce Religion, Evoke Flight


You were on level 3 of the Lair of Beasts.
You worshipped Sif Muna.
Sif Muna was greatly pleased with you.
You were not hungry.

You visited 3 branches of the dungeon, and saw 15 of its levels.
You also visited: Bailey.

You collected 1711 gold pieces.
You spent 168 gold pieces at shops.

Inventory:

Hand Weapons
 p - a +1 whip of freezing
 r - a +0 vorpal broad axe (weapon)
Missiles
 f - 77 poisoned darts (quivered)
 h - 468 stones
 O - 5 curare-tipped darts
Armour
 g - a +0 pair of boots (worn)
 q - a +0 pair of gloves (worn)
 s - a +2 hat of magic resistance (worn)
 H - a +1 robe of cold resistance (worn)
 J - a +0 buckler
 M - +0 steam dragon scales
Jewellery
 m - a ring of flight (left hand)
 u - a ring of wizardry (right hand)
 A - an amulet of reflection (around neck)
 D - an uncursed ring of stealth
 L - an uncursed ring of fire
Wands
 C - a wand of paralysis (10)
 E - a wand of clouds (5)
 I - a wand of enslavement (5)
 N - a wand of iceblast (8)
Scrolls
 a - 2 scrolls of fear
 b - 3 scrolls of immolation
 e - 3 scrolls of amnesia
 j - 9 scrolls of remove curse
 l - 2 scrolls of magic mapping
 t - 2 scrolls of summoning
 y - 3 scrolls of teleportation
 z - a scroll of fog
 F - a scroll of vulnerability
Potions
 d - 3 potions of haste
 i - 8 potions of flight
 k - 4 potions of stabbing
 n - a potion of mutation
 o - 4 potions of curing
 v - 6 potions of heal wounds
 w - 3 potions of might
 x - a potion of resistance {unknown}
 B - 3 potions of lignification
 G - a potion of brilliance
Miscellaneous
 K - a phantom mirror
Comestibles
 c - 23 rations


   Skills:
 + Level 10.5 Dodging
 - Level 2.1 Stealth
 * Level 10.3 Spellcasting
 * Level 6.0 Conjurations
 * Level 12.5 Ice Magic
 + Level 5.4 Invocations
 + Level 5.1 Evocations


You had 16 spell levels left.
You knew the following spells:

 Your Spells              Type           Power        Failure   Level  Hunger
a - Freeze                Ice            ####         1%          1    None
b - Frozen Ramparts       Ice            ######       1%          3    None
c - Ozocubu's Armour      Chrm/Ice       ####....     1%          3    None
d - Hailstorm             Conj/Ice       #####...     1%          4    ##.....
e - Summon Ice Beast      Ice/Summ       ####....     2%          4    ##.....

Your spell library contained the following spells:

 Spells                   Type           Power        Failure   Level  Hunger
 Irradiate                Conj/Tmut      ###.......   22%         5    #####..
 Iskenderun's Battlesphe  Conj/Chrm      ###.....     22%         5    #####..
 Bolt of Magma            Conj/Fire/Erth ###.......   32%         5    #####..
 Iron Shot                Conj/Erth      ###.......   75%         6    ######.
 Orb of Destruction       Conj           ####......   87%         7    #######
 Hydra Form               Tmut           #.........   98%         6    ######.
 Statue Form              Tmut/Erth      #........    98%         6    ######.
 Spellforged Servitor     Conj/Summ      ###.......   99%         7    #######
 Dragon Form              Tmut           #.........   100%        7    #######


Dungeon Overview and Level Annotations

Branches:
Dungeon (11/15)            Temple (1/1) D:4            Lair (3/6) D:8
 Shoals (0/4) Lair:2        Snake (0/4) Lair:3          Orc (0/2) D:9
 Bailey (visited)

Altars:
Ashenzari
Cheibriados
Dithmenos
Elyvilon
Fedhas
Gozag
Hepliaklqana
Kikubaaqudgha
Makhleb
Nemelex Xobeh
Okawaru
Qazlal
Ru
Sif Muna
Trog
Uskayaw
Vehumet
Wu Jian
Xom
Yredelemnul
Zin
The Shining One

Shops:
D:6 [   D:7 *}?}(   D:8 =


Message History

The wall freezes the death yak!
Unknown command.
The wall freezes the death yak!
The death yak gores you!!
* * * LOW HITPOINT WARNING * * *
The wall freezes the death yak.
The frozen ramparts melt away.
Casting: Hailstorm (mildly dangerous; 1% risk of failure)
Confirm with . or Enter, or press ? or * to list all spells.
The walls around you are covered in ice.
The wall freezes the death yak!
The death yak barely misses you.
The wall freezes the death yak!
The death yak gores the fungus!!
The wall freezes the death yak!
The wall freezes the death yak.
The wall freezes the death yak! x2
The wall freezes the death yak.
The wall freezes the death yak! x2
The wall freezes the death yak.
You hit the death yak.
The death yak is almost dead.
The wall freezes the death yak.
The wall freezes the death yak! x3
The death yak gores you!!
You die...

##†....## ###......P# #........##
##.......### # ##........###### #
###..P.....#..# #
##...#.#....###### # #
#...###........#P### #
####.#.####P.>..@YYY#P## #
.#....##..#....###..Y..##########
.........#....## ####............
..........#..## ##............
.....)......## #......#.#####
............# #......### #
..........### ##.)....#
.#........P# ##.......# #
..........## #.#....### #


You could see 4 death yaks.

Vanquished Creatures
  A hydra (Lair:3)
  A two-headed ogre (D:10)
  Sonja (Lair:1)
  A guardian serpent (Lair:3)
  3 spiny frogs
  Psyche (D:8)
  2 centaur skeletons
  A troll (D:10)
  3 hornets
  8 blink frogs (Lair:2)
  Prince Ribbit (D:6)
  A hippogriff (Lair:3)
  11 yaks
  A hungry ghost (D:11)
  Grum (Lair:1)
  A steam dragon (D:11)
  Menkaure (D:6)
  3 water moccasins
  A porcupine (Lair:2)
  11 orc warriors
  A swamp drake (D:9)
  An ice beast (D:10)
  2 sky beasts
  A necrophage (D:10)
  7 ogres
  2 wolves (Lair:1)
  5 centaurs
  A crocodile (D:9)
  2 big kobolds (D:10)
  8 bullfrogs
  A gnoll sergeant (D:11)
  3 scorpions
  3 killer bees (D:8)
  A howler monkey (D:6)
  An electric eel (Lair:1)
  2 crimson imps
  A centaur zombie (D:8)
  A bullfrog skeleton (D:11)
  9 orc priests
  4 hounds
  11 orc wizards
  2 iguanas
  11 worker ants
  A hound zombie (D:11)
  A howler monkey zombie (D:7)
  A worker ant zombie (D:7)
  8 gnolls
  9 adders
  A shadow imp (D:11)
  4 oozes
  An adder skeleton (D:7)
  4 worms
  3 dart slugs
  2 leopard geckos
  47 orcs
  2 ball pythons (D:1)
  5 bats
  5 giant cockroaches
  15 hobgoblins
  7 jackals
  3 quokkas
  3 frilled lizards
  13 goblins
  30 kobolds
  9 rats
  A fungus (Lair:2)
309 creatures vanquished.

Vanquished Creatures (collateral kills)
  Gastronok (Lair:1)
  A hydra (Lair:2)
  A two-headed ogre (D:11)
  An orc knight (Bailey)
  An ugly thing (D:9)
  4 blink frogs (Lair:1)
  2 yaks (D:10)
  A basilisk (Lair:1)
  A porcupine (Lair:1)
  A phantom (D:7)
  An ogre (D:11)
  A crocodile (Lair:1)
  2 bullfrogs (Lair:1)
  An orc priest (D:9)
  An orc wizard (D:11)
  2 orcs (D:9)
  2 kobolds
24 creatures vanquished.

Vanquished Creatures (others)
  3 fungi (Lair:2)
3 creatures vanquished.

Grand Total: 336 creatures vanquished

Notes
Turn   | Place    | Note
-------+----------+-------------------------------------------
     0 | D:1      | DerDa the Merfolk Ice Elementalist began the quest for the
                  | Orb.
     0 | D:1      | Reached XP level 1. HP: 13/13 MP: 3/3
   124 | D:1      | Reached XP level 2. HP: 17/19 MP: 0/5
   496 | D:1      | Reached XP level 3. HP: 18/24 MP: 3/6
   908 | D:1      | Learned a level 3 spell: Frozen Ramparts
   912 | D:1      | Learned a level 3 spell: Ozocubu's Armour
   953 | D:1      | Reached skill level 5 in Ice Magic
  1468 | D:2      | Found a white marble altar of Elyvilon.
  1471 | D:2      | Found a shimmering altar of Xom.
  1503 | D:2      | Found a blossoming altar of Fedhas.
  1503 | D:2      | Found a basalt altar of Yredelemnul.
  1504 | D:2      | Found a stormy altar of Qazlal.
  1776 | D:2      | Found a glowing golden altar of the Shining One.
  1969 | D:2      | Reached XP level 4. HP: 27/30 MP: 4/8
  2936 | D:3      | Reached XP level 5. HP: 33/35 MP: 3/9
  3751 | D:4      | Found a hide-covered altar of Uskayaw.
  4086 | D:4      | Reached skill level 6 in Ice Magic
  4086 | D:4      | Reached XP level 6. HP: 39/41 MP: 6/11
  4154 | D:4      | Found a glowing silver altar of Zin.
  4155 | D:4      | Noticed an angel
  4796 | D:4      | Found a staircase to the Ecumenical Temple.
  4802 | Temple   | Entered the Ecumenical Temple
  4807 | Temple   | Became a worshipper of Sif Muna the Loreminder
  4952 | D:5      | Entered Level 5 of the Dungeon
  4962 | D:5      | Reached skill level 5 in Dodging
  4962 | D:5      | Reached XP level 7. HP: 46/46 MP: 9/13
  5031 | D:5      | Found a sparkling altar of Nemelex Xobeh.
  5360 | D:5      | Reached skill level 7 in Ice Magic
  5408 | D:5      | Found a sparkling altar of Nemelex Xobeh.
  5472 | D:5      | Reached skill level 5 in Spellcasting
  6043 | D:6      | Reached XP level 8. HP: 49/52 MP: 9/16
  6123 | D:6      | Found a shattered altar of Ashenzari.
  6318 | D:6      | Found Winkawk's Armour Emporium.
  6326 | D:6      | Noticed Menkaure
  6342 | D:6      | Killed Menkaure
  6348 | D:6      | Learned a level 4 spell: Hailstorm
  6353 | D:6      | Learned a level 4 spell: Summon Ice Beast
  6522 | D:6      | Noticed Prince Ribbit
  6531 | D:6      | Killed Prince Ribbit
  6531 | D:6      | Reached skill level 8 in Ice Magic
  6790 | D:7      | Found Jufaegg's Magic Scroll Emporium.
  6791 | D:7      | Found Usuph's Gadget Shop.
  6796 | D:7      | Bought a scroll of identify for 24 gold pieces
  6796 | D:7      | Bought 2 scrolls of identify for 48 gold pieces
  6796 | D:7      | Bought a scroll of identify for 24 gold pieces
  6796 | D:7      | Bought a scroll of noise for 12 gold pieces
  6796 | D:7      | Bought a scroll of teleportation for 36 gold pieces
  6796 | D:7      | Bought a scroll of identify for 24 gold pieces
  6829 | D:7      | Found Bacw's General Store.
  7021 | D:7      | Found Yfif's Gadget Boutique.
  7024 | D:7      | Found Zepasm Xose's Antique Weapon Boutique.
  7089 | D:7      | Found a bloodstained altar of Trog.
  7123 | D:7      | Reached XP level 9. HP: 57/57 MP: 14/19
  7329 | D:7      | Reached skill level 9 in Ice Magic
  7385 | D:7      | Reached * piety under Sif Muna
  8336 | D:8      | Found Bixtampe's Jewellery Shop.
  8419 | D:8      | Found an ancient bone altar of Kikubaaqudgha.
  8437 | D:8      | Noticed Psyche
  8455 | D:8      | Killed Psyche
  8746 | D:8      | Reached skill level 10 in Ice Magic
  9018 | D:8      | Found a staircase to the Lair.
  9033 | Lair:1   | Entered Level 1 of the Lair of Beasts
  9033 | Lair:1   | Noticed Gastronok
  9139 | D:9      | Noticed a red ugly thing
  9433 | D:9      | Reached ** piety under Sif Muna
  9474 | D:9      | Found a staircase to the Orcish Mines.
  9491 | D:9      | Reached skill level 1 in Conjurations
  9495 | D:9      | Reached skill level 1 in Invocations
  9672 | D:9      | Reached skill level 1 in Evocations
  9672 | D:9      | Reached XP level 10. HP: 63/63 MP: 18/22
  9849 | D:9      | Found a white marble altar of Elyvilon.
 10144 | D:10     | Entered Level 10 of the Dungeon
 10283 | D:10     | Reached *** piety under Sif Muna
 10693 | D:10     | Reached skill level 11 in Ice Magic
 10996 | D:10     | Noticed a two-headed ogre
 11017 | D:10     | Killed a two-headed ogre
 11017 | D:10     | Reached XP level 11. HP: 68/68 MP: 19/24
 11216 | D:11     | Noticed a two-headed ogre
 11224 | D:11     | Killed a two-headed ogre
 11292 | D:11     | Found a flagged portal.
 11313 | Bailey   | Entered a bailey
 11379 | Bailey   | Noticed an orc knight
 11411 | Bailey   | Reached **** piety under Sif Muna
 11813 | Bailey   | Killed an orc knight
 13212 | D:9      | Killed a red ugly thing
 13267 | Lair:1   | Killed Gastronok
 13371 | Lair:1   | Noticed Grum
 13381 | Lair:1   | Killed Grum
 13523 | Lair:1   | Noticed Sonja
 13538 | Lair:1   | Killed Sonja
 13932 | Lair:1   | Reached skill level 5 in Conjurations
 13935 | Lair:1   | Reached skill level 10 in Dodging
 14343 | Lair:1   | Reached skill level 12 in Ice Magic
 14954 | Lair:2   | Found a hide-covered altar of Uskayaw.
 15023 | Lair:2   | Found a staircase to the Shoals.
 15043 | Lair:2   | Reached XP level 12. HP: 40/74 MP: 13/25
 15088 | Lair:2   | Noticed an eight-headed hydra
 15103 | Lair:2   | Killed an eight-headed hydra
 15103 | Lair:2   | Reached skill level 10 in Spellcasting
 15218 | Lair:2   | Reached skill level 5 in Invocations
 16312 | Lair:3   | Reached skill level 5 in Evocations
 16434 | Lair:3   | Found a staircase to the Snake Pit.
 16616 | Lair:3   | Noticed a seven-headed hydra
 16624 | Lair:3   | Killed a seven-headed hydra
 16806 | Lair:3   | Noticed a death yak
 16807 | Lair:3   | Noticed a death yak
 16807 | Lair:3   | Noticed a death yak
 16807 | Lair:3   | Noticed a death yak
 16831 | Lair:3   | Slain by a death yak

Illustrated notes

Levels and vault maps discovered:
D:1:      noname_arrival_rooms_in_the_neighbourhood, layout_loops_ring,
          roderic_roman_lattice, st_stairs_1, minmay_distorted
D:2:      layout_basic, tso_oasis_becter, nicolae_overflow_hidden_temple,
          nicolae_underground_beach
D:3:      kb_forest_paths, layout_basic, first_ration
D:4:      layout_cave_pools, eat_drink_and_be_merry_uskayaw, zin_angel,
          minmay_temple_entry_fiery
D:5:      layout_basic, nemelex_altar_shiori, basic_altar
D:6:      layout_cave_pools, serial_shops, nicolae_shop_statue_plus,
          evilmike_ruin_ashenzari, uniq_menkaure, uniq_prince_ribbit1
D:7:      layout_basic, nicolae_overflow_crystal_walls, serial_shops, shop,
          nicolae_shop_behind_doors, shop_statue, nicolae_shop_statue_plus, shop
D:8:      layout_rooms, kiku_gazebo_pond_becter, lair_entry_dummy, serial_shops,
          nicolae_shop_crystal, uniq_psyche
D:9:      layout_cave_pools, erik_orc_1, hangedman_pestilent_swarm,
          elyvilon_altar_5
D:10:     layout_cave_pools
D:11:     layout_roguey, enter_bailey_3, hex_medium
Temple:   minmay_freezing_vapour_temple
Lair:1:   layout_regular_city, minivault_26, chequers_serial_rivers_small_3,
          serial_bayou_ford_a, uniq_sonja, uniq_grum, uniq_gastronok
Lair:2:   layout_concentric_octagons, shoals_dummy_entry, basic_altar,
          lemuel_old_faithful, serial_bayou_shore_b
Lair:3:   layout_cave_pods, minmay_snake_entry_spellcaster

Skill      XL: |  1  2  3  4  5  6  7  8  9 10 11 12 |
---------------+-------------------------------------+-----
Dodging        | 3 4 5 7 8 9 10 | 10.5
Ice Magic      | 5 6 7 8 10 11 12 | 12.5
Spellcasting   | 3 4 5 6 8 9 10 | 10.3
Conjurations   | 1 3 5 6 |  6.0
Invocations    | 1 3 4 5 |  5.4
Evocations     | 1 3 4 5 |  5.1
Stealth        | |  2.1

Action                   |  1- 3 |  4- 6 |  7- 9 | 10-12 || total
-------------------------+-------+-------+-------+-------++-------
Melee: Dagger            |    22 |    24 |       |       ||    46
       Broad axe         |       |     6 |    69 |   139 ||   214
       Whip              |       |       |       |    14 ||    14
Throw: Dart              |       |       |    14 |     8 ||    22
 Cast: Freeze            |    46 |    67 |    90 |    86 ||   289
       Frozen Ramparts   |     1 |     5 |    26 |    42 ||    74
       Summon Ice Beast  |       |       |     9 |    32 ||    41
       Ozocubu's Armour  |       |       |     3 |     2 ||     5
       Hailstorm         |       |       |       |    31 ||    31
  Use: Scroll            |       |     7 |    12 |     4 ||    23
 Stab: Sleeping          |     5 |     4 |       |     2 ||    11
       Distracted        |       |       |       |     2 ||     2
  Eat: Chunk             |     4 |     9 |    14 |    24 ||    51
       Ration            |       |       |     1 |     1 ||     2
Armor: Robe              |     4 |     9 |    28 |    36 ||    77
Dodge: Dodged            |    38 |    60 |   154 |   215 ||   467
Block: Other             |       |       |    23 |    67 ||    90
       Reflection        |       |       |     2 |     4 ||     6

Table legend:
 A = Non-vault XP
 B = Vault XP
 C = Vault XP percentage of total XP
 D = Non-vault monster count
 E = Vault monster count
 F = Vault count percentage of total count
                 A         B        C        D         E       F
            +---------+---------+-------+---------+---------+-------
      Total |   18828 |    6237 |  24.9 |     260 |      72 |  21.7
            +---------+---------+-------+---------+---------+-------
        D:1 |      50 |       9 |  15.3 |      24 |       5 |  17.2
        D:2 |      37 |       0 |   0.0 |      12 |       0 |   0.0
        D:3 |     216 |      23 |   9.6 |      31 |       6 |  16.2
        D:4 |     237 |       0 |   0.0 |      12 |       0 |   0.0
        D:5 |     451 |       0 |   0.0 |       6 |       0 |   0.0
        D:6 |     387 |     424 |  52.3 |      10 |       2 |  16.7
        D:7 |     943 |       0 |   0.0 |      27 |       0 |   0.0
        D:8 |     886 |     404 |  31.3 |      17 |       1 |   5.6
        D:9 |     717 |    1162 |  61.8 |       7 |      21 |  75.0
       D:10 |    3691 |       0 |   0.0 |      41 |       0 |   0.0
       D:11 |    2447 |       8 |   0.3 |      35 |       4 |  10.3
     Lair:1 |    1581 |    2441 |  60.7 |      12 |       5 |  29.4
     Lair:2 |    5164 |       0 |   0.0 |      20 |       0 |   0.0
     Lair:3 |    2021 |     448 |  18.1 |       6 |       1 |  14.3
     Bailey |       0 |    1318 | 100.0 |       0 |      27 | 100.0
            +---------+---------+-------+---------+---------+-------
